 Dungeon Crawl Stone Soup version 0.26.0-16-gc1dbca0489 (webtiles) character file.

Game seed: 6664568831172797953

398 EnegeticOcto the Skirmisher (level 6, -11/35 HPs)
             Began as a Vine Stalker Arcane Marksman on Jan 19, 2021.
             Was an Initiate of Ru.
             Mangled by an ogre
             ... wielding a +0 giant spiked club
              (20 damage)
             ... on level 5 of the Dungeon.
             The game lasted 00:03:58 (4122 turns).

EnegeticOcto the Skirmisher (VSAM)                  Turns: 4122, Time: 00:03:58

Health: -11/35     AC:  9    Str: 15    XL:     6   Next: 83%
Magic:  0/8        EV:  2    Int: 13    God:    Ru [......]
Gold:   257        SH:  0    Dex: -1 (14) Spells: 6/7 levels left

rFire    . . .     SeeInvis .   a - +1 hunting sling
rCold    . . .     Faith    .   k - +0 buckler
rNeg     . . .     Spirit   +   p - +0 scale mail
rPois    +         Reflect  .   f - +0 helmet
rElec    .         Harm     .   (no cloak)
rCorr    .         Rampage  .   e - +0 pair of gloves
Will     .....                  u - +0 pair of boots
Stlth    ..........             m - amulet of regeneration
HPRegen  0.91/turn              i - ring of poison resistance
MPRegen  0.11/turn              (no ring)

@: slowed, lost dexterity, very slow
A: fangs 2, regeneration 1, magic shield, antimagic bite, no potion heal 3
a: Renounce Religion


You were on level 5 of the Dungeon.
You worshipped Ru.
Ru was noncommittal.
You visited 1 branch of the dungeon, and saw 5 of its levels.

You collected 257 gold pieces.

Inventory:

Hand Weapons
 a - a +1 hunting sling (weapon)
 h - a +0 short sword
   (You took it off a kobold on level 1 of the Dungeon)
Missiles
 b - 163 stones (quivered)
 d - 19 sling bullets (quivered ammo)
Armour
 e - a +0 pair of gloves (worn)
   (You found it on level 5 of the Dungeon)
 f - a +0 helmet (worn)
   (You found it on level 1 of the Dungeon)
 k - a +0 buckler (worn)
   (You found it on level 2 of the Dungeon)
 p - a +0 scale mail (worn)
   (You found it on level 3 of the Dungeon)
 u - a +0 pair of boots (worn)
   (You found it on level 3 of the Dungeon)
Jewellery
 i - a ring of poison resistance (left hand)
   (You found it on level 1 of the Dungeon)
 l - an uncursed ring of stealth {unknown}
   (You found it on level 5 of the Dungeon)
 m - an amulet of regeneration (around neck)
   (You found it on level 2 of the Dungeon)
Wands
 w - a wand of acid (2) {@v1}
   (You found it on level 4 of the Dungeon)
Scrolls
 g - 5 scrolls of teleportation {@r3 !r}
Potions
 c - 4 potions of curing {@q1 !q}
 j - a potion of berserk rage {unknown}
 n - a potion of lignification {@q6}
 o - a potion of flight
 r - 2 potions of brilliance
 s - 2 potions of ambrosia {unknown}
 t - a potion of cancellation {unknown}
 z - a potion of degeneration {unknown}


   Skills:
 - Level 5.0 Fighting
 - Level 4.0 Slings
 - Level 1.5 Dodging
 + Level 0.2 Shields
 - Level 1.1 Spellcasting
 - Level 3.0 Hexes


You had 6 spell levels left.
You knew the following spells:

 Your Spells              Type           Power        Failure   Level
a - Corona                Hex            8%           50%         1

Your spell library contained the following spells:

 Spells                   Type           Power        Failure   Level
 Slow                     Hex            8%           63%         2
 Inner Flame              Hex/Fire       4%           97%         3
 Portal Projectile        Hex/Tloc       8%           97%         3
 Cause Fear               Hex            4%           99%         4
 Leda's Liquefaction      Hex/Erth       2%           100%        4


Dungeon Overview and Level Annotations

Branches:
Dungeon (5/15)             Temple (0/1) D:5

Altars:
Cheibriados
Elyvilon
Nemelex Xobeh
Qazlal
Ru
Trog


Innate Abilities, Weirdness & Mutations

You have extremely sharp teeth.
Your natural rate of healing is unusually fast.
When hurt, damage is shared between your health and your magic reserves.
Your bite disrupts and absorbs the magic of your enemies.
Potions cannot restore your health.


Message History

Found a stone staircase leading up.
Found a stone staircase leading down.
There is an open door here.
There is an open door here.
An adder comes into view.
You shoot a sling bullet.
The sling bullet closely misses the adder.
The adder hisses angrily.
You shoot a sling bullet. The sling bullet misses the adder.
You shoot a sling bullet.
The sling bullet barely misses the adder.
You shoot a sling bullet. The sling bullet misses the adder.
The adder bites you but does no damage.
You shoot a sling bullet.
The sling bullet completely misses the adder.
The adder bites you but does no damage. x2
You shoot a sling bullet. The sling bullet misses the adder.
The adder bites you. x2
You shoot a sling bullet.
The sling bullet barely misses the adder.
The adder completely misses you. The adder bites you but does no damage.
You shoot a sling bullet. The sling bullet misses the adder.
The adder bites you but does no damage. x3
You shoot a sling bullet. The sling bullet misses the adder.
The adder bites you.
You are poisoned.
The adder poisons you! The adder bites you but does no damage.
You shoot a sling bullet. The sling bullet misses the adder.
You feel sick. The adder bites you but does no damage.
You shoot a sling bullet. The sling bullet hits the adder.
The adder is moderately wounded.
You feel sick.
The adder bites you but does no damage. x2
You shoot a sling bullet. The sling bullet hits the adder.
The adder is severely wounded.
You feel sick. The adder bites you but does no damage. The adder bites you.
You shoot a sling bullet.
The sling bullet closely misses the adder.
The adder barely misses you.
The adder bites you but does no damage. x2
You shoot a sling bullet.
The sling bullet hits the adder but does no damage.
The adder is severely wounded.
You feel sick. The adder bites you. x2
You are more poisoned.
The adder poisons you!
You shoot a sling bullet.
The sling bullet closely misses the adder.
You feel sick.
The adder bites you but does no damage. x2
You shoot a sling bullet.
The sling bullet closely misses the adder.
You feel sick. The adder bites you but does no damage.
You shoot a sling bullet. The sling bullet hits the adder.
You kill the adder!
You feel sick.
Training target 4.0 for Slings reached!
Your Slings skill increases to level 4!
You need to enable at least one skill for training.
You feel sick.
You feel sick.
You feel sick.
You feel sick.
You feel sick.
You feel sick.
You feel sick.
d - 11 sling bullets (gained 4)
You see here an adder corpse.
You feel sick.
You feel sick.
You are no longer poisoned.
d - 19 sling bullets (gained 8)
d - 21 sling bullets (gained 2)
d - 23 sling bullets (gained 2)
You open the door.
An ogre comes into view. It is wielding a +0 giant spiked club.
The ogre shouts!
An ogre is nearby!
An ogre is nearby!
An ogre is nearby!
An ogre is nearby!
You shoot a sling bullet.
The sling bullet completely misses the ogre.
You shoot a sling bullet. The sling bullet hits the ogre!
The ogre is moderately wounded.
The ogre barely misses you.
You shoot a sling bullet. The sling bullet hits the ogre!
The ogre is heavily wounded.
The ogre hits you with a +0 giant spiked club.
You shoot a sling bullet. The sling bullet hits the ogre.
The ogre is severely wounded.
The ogre hits you with a +0 giant spiked club!!
The ogre hits you with a +0 giant spiked club!
* * * LOW HITPOINT WARNING * * *
You are too injured to fight recklessly!
Evoke which item? (* to show all) (? for menu, Esc to quit)
Aiming: Corrosive Bolt
Press: ? - help, Shift-Dir - straight line, f/p - ogre
Aim: an ogre, wielding a +0 giant spiked club (severely wounded, 14% to evade)
The bolt of acid misses the ogre.
The ogre hits you with a +0 giant spiked club!!
Ouch! That really hurt!
You die...

#......# #......#
#......# #......#
+ #......# .#
#......# ..#
#......# ...#
.#####......#....#
...........@O....#
............#.(..#
............# ####
#...........#
#...........#
#...........#
#...........#
+.....#######


You could see an ogre.

Vanquished Creatures
  An ogre (D:4)
  A quasit (D:4)
  2 hounds (D:4)
  A jelly (D:5)
  A centaur skeleton (D:5)
  A worker ant (D:4)
  5 adders
  A shadow imp (D:5)
  An ufetubus (D:5)
  5 worms
  A dart slug (D:1)
  2 leopard geckos (D:1)
  An orc (D:4)
  A ball python (D:1)
  2 giant cockroaches
  4 hobgoblins
  4 jackals (D:4)
  3 quokkas
  6 bats
  2 frilled lizards
  9 goblins
  9 kobolds
  4 rats
67 creatures vanquished.

Notes
Turn   | Place    | Note
-------+----------+-------------------------------------------
     0 | D:1      | EnegeticOcto the Vine Stalker Arcane Marksman began the
                  | quest for the Orb.
     0 | D:1      | Reached XP level 1. HP: 9/9 MP: 3/3
    16 | D:1      | Reached skill level 1 in Fighting
   121 | D:1      | Reached XP level 2. HP: 11/15 MP: 4/4
   258 | D:1      | Reached skill level 2 in Fighting
   829 | D:1      | Reached XP level 3. HP: 19/19 MP: 5/5
  1547 | D:2      | Reached skill level 3 in Fighting
  2475 | D:3      | Gained mutation: Your natural rate of healing is unusually
                  | fast. [Vine Stalker growth]
  2475 | D:3      | Reached XP level 4. HP: 24/24 MP: 6/6
  2698 | D:3      | Found a sparkling altar of Nemelex Xobeh.
  2836 | D:4      | Noticed an ogre
  2911 | D:4      | Killed an ogre
  2912 | D:4      | Reached skill level 4 in Fighting
  2912 | D:4      | Reached XP level 5. HP: 30/30 MP: 5/7
  3065 | D:4      | Reached skill level 5 in Fighting
  3065 | D:4      | Reached skill level 2 in Slings
  3089 | D:4      | Reached XP level 6. HP: 35/35 MP: 6/8
  3328 | D:4      | Lost dexterity.
  3406 | D:4      | Reached skill level 3 in Slings
  3531 | D:4      | Found a stormy altar of Qazlal.
  3531 | D:4      | Found a bloodstained altar of Trog.
  3536 | D:4      | Found a sacrificial altar of Ru.
  3538 | D:4      | Found a faded altar of an unknown god.
  3539 | D:4      | Found a white marble altar of Elyvilon.
  3547 | D:4      | Became a worshipper of Ru the Awakened
  3653 | D:5      | Entered Level 5 of the Dungeon
  3888 | D:5      | Found a snail-covered altar of Cheibriados.
  3944 | D:5      | Found a staircase to the Ecumenical Temple.
  4079 | D:5      | Reached skill level 4 in Slings
  4122 | D:5      | Mangled by an ogre

Illustrated notes

Levels and vault maps discovered:
D:1:      psy_arrival_spokes, layout_basic
D:2:      layout_loops_ring, minmay_misc_feat_enclosed, amcnicky_mini_pool_small
D:3:      layout_rooms, hangedman_decor_growths, nemelex_spade_bored_becter
D:4:      layout_basic, chequers_temple_overflow_minitemple
D:5:      layout_gridville, lemuel_doored_altar,
          minmay_temple_entry_antechambers

Skill      XL: |  1  2  3  4  5  6 |
---------------+-------------------+-----
Fighting       | 1 2 3 4 5 |  5.0
Slings         | 2 4 |  4.0
Dodging        | |  1.5
Shields        | |  0.2
Spellcasting   | |  1.1
Hexes          | |  3.0

Action                   |  1- 3 |  4- 6 || total
-------------------------+-------+-------++-------
 Fire: Hunting sling     |   178 |   235 ||   413
Evoke: Wand              |       |     1 ||     1
  Use: Scroll            |     1 |     8 ||     9
Armor: Robe              |    10 |       ||    10
       Scale mail        |    17 |   273 ||   290
Dodge: Dodged            |    45 |   100 ||   145
Block: Buckler           |     1 |    15 ||    16
